[Event "Late-Titled-Tuesday-Blitz-December-26-2023"]
[Site "Chess.com"]
[Date "2023.12.26"]
[Round "3"]
[White "slidingknight2775"]
[Black "DuleMudule"]
[Result "0-1"]
[WhiteElo "2699"]
[BlackElo "2924"]
[TimeControl "180+1"]
[EndTime "14:29:57 PST"]
[Termination "DuleMudule won by resignation"]

1. Nf3 d5 2. g3 Nc6 3. d4 Bf5 4. Bg2 Nb4 5. Na3 c6 6. c3 Na6 7.
Nc2 h6 8. a4 e6 9. O-O Nf6 10.
Bf4 Be7 11. Ne5 O-O 12. b4 Ne4 13. Bd2 Nc7 14. Be1 Bd6 15. Nd3 b6 16. f3 Nf6 17.
Nf2 Bh7 18. e4 dxe4 19. fxe4 e5 20. Ne3 Qe7 21. Nc4 Rad8 22. Nxd6 Rxd6 23. Ng4 Nxg4 24. Qxg4 exd4 25. cxd4 Rxd4 26. Bc3 f5 27. Qe2 Rd6 28. Rae1 fxe4 29. Rxf8+ Qxf8 30. Bxe4 Bxe4 31. Qxe4 Re6 32.
Qc4 Qf7 33. Rxe6 Qxe6 34. Qd4 Qf7 35. Qd8+ Kh7 36. Qd3+ Qg6 37. Qd4 Nd5 38. Bb2 Nf6 39. a5 Qb1+ 40. Kg2 Qc2+ 41. Kg1 c5 42. bxc5 bxc5 43.
Qe5 c4 44. Qd4 a6 45. Qe5 h5 46. Qd4 Qe2 47. Qe5 Qxe5 48. Bxe5 Nd5 49. Kf2 Kg6 50. Ke2 Kf7 51. Kf3 g6 52. Ke4 Ke6 53. Bd4 Nb4 54.
Bc3 Nc6 55. h3 Ne7 56. g4 Nd5 57. Ba1 hxg4 58. hxg4 Nf6+ 59. Kd4 Nxg4 60. Kxc4 Kd6 61. Kd4 Kc6 62. Ke4 Nf2+ 63. Kf4 Nd3+ 64. Kg5 Kb5 65. Kxg6 Kxa5 66. Kf5 Kb4 67. Ke4 Kc4 68. Ke3 Nb4 69. Kd2 Kb3 70. Kc1 a5 71. Kb1 a4 72. Bh8 a3 73. Bg7 a2+ 74. Kc1 Nd3+ 75. Kd2 Nb2 76. Bxb2 Kxb2 0-1

[Event "Late-Titled-Tuesday-Blitz-December-26-2023"]
[Site "Chess.com"]
[Date "2023.12.26"]
[Round "3"]
[White "micke12a"]
[Black "TST2014"]
[Result "1/2-1/2"]
[WhiteElo "2414"]
[BlackElo "2565"]
[TimeControl "180+1"]
[EndTime "14:30:02 PST"]
[Termination "Game drawn by stalemate"]

1. e4 c5 2. Nc3 Nc6 3. Bb5 Nd4 4. Nf3 a6 5. Bd3 Nc6 6. O-O d6 7. Re1 e5 8. Nd5 Nf6 9. c3 Be6 10. Nxf6+ Qxf6 11. Be2 Bg4 12. h3 Bxf3 13. Bxf3 Be7 14. d3 g6 15. Be3 h5 16. Qd2 Qe6 17. Rad1 Bf6 18. a3 O-O 19. b4 b6 20. Bg5 Bg7 21.
Rb1 b5 22. Be3 Qe7 23. Bd1 Kh7 24. Bb3 Rac8 25. Bd5 f5 26. Bg5 Bf6 27. Bxf6 Qxf6 28. a4 cxb4 29. Bxc6 Rxc6 30. Rxb4 bxa4 31. Rxa4 f4 32.
d4 f3 33. g3 h4 34. g4 Rfc8 35. Ra3 exd4 36. Qxd4 Qxd4 37. cxd4 Rc1 38. Rxc1 Rxc1+ 39. Kh2 Rc4 40. Rxf3 Rxd4 41. Ra3 Rxe4 42. Rxa6 d5 43. Rd6 Re5 44. Kg2 g5 45. f4 gxf4 46. Kf3 Re3+ 47.
Kxf4 Rxh3 48. Rxd5 Rh1 49. Kg5 h3 50. Rd7+ Kg8 51.
Kg6 Kf8 52. Rh7 Rg1 53. g5 Rg3 54. Kf6 Rf3+ 55. Kg6 Rg3 56. Rh4 Ke7 57. Kf5 Kf7 58.
Rh7+ Kg8 59. Rh4 Kg7 60. Kf4 Ra3 61. Kg4 Ra4+ 62. Kxh3 Rxh4+ 63. Kxh4 Kg6 64. Kg4 Kg7 65.
Kh5 Kh7 66. g6+ Kg7 67. Kg5 Kg8 68. Kf6 Kf8 69. Kg5 Kg7 70. Kf5 Kg8 71. Kf6 Kf8 72.
Kg5 Kg7 73. Kh5 Kg8 74. Kh6 Kh8 75. g7+ Kg8 76. Kg6 1/2-1/2

[Event "Late-Titled-Tuesday-Blitz-December-26-2023"]
[Site "Chess.com"]
[Date "2023.12.26"]
[Round "3"]
[White "ccccvhhhj"]
[Black "Ali_rastbod"]
[Result "0-1"]
[WhiteElo "2479"]
[BlackElo "2728"]
[TimeControl "180+1"]
[EndTime "14:30:04 PST"]
[Termination "Ali_rastbod won on time"]

1. e4 b6 2. d4 Bb7 3. Bg5 Bxe4 4. d5 Nf6 5. Nc3 Bg6 6. Qd2 e6 7. O-O-O Be7 8. h4 h6 9. Be3 Bb4 10. dxe6 fxe6 11. Bd3 Bxd3 12. Qxd3 O-O 13. f3 Bxc3 14.
Qxc3 Nd5 15. Qd2 Nxe3 16. Qxe3 Nc6 17. Ne2 Qe7 18. Nf4 Qf7 19. g3 e5 20. Nd5 d6 21.
f4 Rae8 22. Qc3 Nd4 23. Rxd4 exd4 24. Qxd4 c6 25. Nc3 d5 26. h5 Qf6 27. Qd3 Qf5 28.
Qd4 Qg4 29. Qf2 Rf5 30. Rh4 Qxh4 31. gxh4 c5 32. b3 d4 33. Ne2 Rxh5 34. f5 Rf8 35. Ng3 Rxh4 36. Kb2 Rg4 37. Qf3 Rg5 38. Qd5+ Kh7 39.
Qf3 Kh8 40. a4 Kh7 41. Qd3 Kh8 42. Qf3 g6 43. f6 Re5 44. Ne4 Kg8 45. Ng3 Rf7 46. Qg4 Kh7 47. Qf3 a6 48. Ne4 b5 49.
Ng3 c4 50. axb5 axb5 51. b4 Re3 52. Qf4 Re6 53. Qxd4 Rexf6 54. Ne4 Rf4 55. Qe3 Rf3 56. Qd4 g5 57. Nc5 Kg6 58. Qe4+ Kh5 59. Qe2 g4 60. Qh2+ Kg6 61. Ne4 R3f5 62. Ng3 Re5 63. Qd2 Rfe7 64. Qd6+ R7e6 65. Qf8 Re8 66. Qd6+ R5e6 67. Qd2 h5 68. Qh2 Re5 69. Qg2 h4 70. Nf1 Kh5 71. Nd2 h3 72.
Qg3 Re3 73. Qc7 c3+ 74. Kb3 cxd2+ 75. c3 d1=Q+ 0-1

[Event "Late-Titled-Tuesday-Blitz-December-26-2023"]
[Site "Chess.com"]
[Date "2023.12.26"]
[Round "3"]
[White "JuniorJumper"]
[Black "ZuraTqebuchava"]
[Result "1/2-1/2"]
[WhiteElo "2494"]
[BlackElo "2180"]
[TimeControl "180+1"]
[EndTime "14:30:07 PST"]
[Termination "Game drawn by repetition"]

1. g3 d6 2. Bg2 g6 3. d4 Bg7 4. Nf3 Bg4 5. O-O Bxf3 6. Bxf3 c6 7. c4 Nf6 8. Nc3 O-O 9. Qb3 Qb6 10. Be3 Nbd7 11.
Qc2 Rac8 12. c5 dxc5 13. Na4 Qc7 14. Nxc5 Nxc5 15. dxc5 Rfd8 16. a3 Nd5 17. Bc1 h5 18. e4 Nf6 19. Bf4 Qd7 20. Rfd1 Qe8 21. e5 Nd5 22.
Bxd5 cxd5 23. e6 fxe6 24. Rac1 e5 25. Bg5 d4 26. Qb3+ Qf7 27. Qxb7 Bf6 28. Bxf6 Qxf6 29. Qe4 Rf8 30. Rd2 Rc6 31. b4 a6 32. a4 Rfc8 33.
Rdc2 Qf5 34. Qxf5 gxf5 35. b5 axb5 36. axb5 d3 37. bxc6 dxc2 38. Rxc2 Rxc6 39. Rc4 Kf7 40. Kf1 e4 41. f3 exf3 42. Kf2 e5 43. Kxf3 Ke6 44. Rh4 Rxc5 45. Rxh5 Rc3+ 46. Ke2 e4 47. Rh8 Rc2+ 48. Ke3 Rc3+ 49. Kd4 Rd3+ 50. Kc4 Ke5 51. Re8+ Kf6 52. Rf8+ Kg5 53. Rg8+ Kf6 54. Rh8 Ke5 55. Rh6 Rd2 56. Kc3 Rd3+ 57. Kc2 Rd4 58. Rh8 Rd3 59.
Rg8 Rd4 60. h4 Rd6 61. Kc3 Rd3+ 62. Kc2 Rd6 63. Re8+ Kd4 64. Kd2 Ra6 65. Rd8+ Ke5 66. Ke3 Ra3+ 67. Kf2 Ra2+ 68. Kf1 Ke6 69. h5 Kf6 70. Rg8 e3 71. Re8 Kg5 72. h6 Kxh6 73. Rxe3 Kg5 74. Rf3 Rb2 75. Rf4 Ra2 76. Kg1 Rb2 77. Kf1 Ra2 78. Rb4 Rc2 79. Ra4 Rb2 80. Rc4 Ra2 81. Rb4 Rc2 82. Rd4 Ra2 83. Rd5 Rb2 84. Rc5 Ra2 85. Re5 Rb2 86. Ra5 Rc2 87. Ra4 Rb2 88. Kg1 Rc2 89. Kh1 Rb2 90. Rc4 Ra2 91. Kg1 Rb2 92. Kf1 Ra2 93. Ke1 Rb2 94.
Kf1 1/2-1/2

[Event "Late-Titled-Tuesday-Blitz-December-26-2023"]
[Site "Chess.com"]
[Date "2023.12.26"]
[Round "3"]
[White "BilodeauA"]
[Black "NoHeThTo"]
[Result "1/2-1/2"]
[WhiteElo "2887"]
[BlackElo "2673"]
[TimeControl "180+1"]
[EndTime "14:30:11 PST"]
[Termination "Game drawn by repetition"]

1. e4 c5 2. Nf3 g6 3. c3 Bg7 4. d4 cxd4 5. cxd4 Nf6 6. Nc3 d5 7. e5 Ne4 8. Bd3 Bf5 9. O-O O-O 10. Re1 Nc6 11. h3 Rc8 12. Nxe4 dxe4 13. Bxe4 Bxe4 14. Rxe4 Qd5 15. Qe2 Rfd8 16. Bd2 e6 17. Rh4 a6 18. b3 Qb5 19. Qe4 Rd7 20. Rd1 Ne7 21. Bg5 Nf5 22. Rf4 h6 23. Bf6 Qc6 24.
g4 Qxe4 25. Rxe4 Nd6 26. Re3 Nb5 27. Bxg7 Kxg7 28. Rd2 Rc1+ 29. Kg2 Nc7 30. Re1 Rc6 31. Ng1 Nd5 32. Ne2 Rdc7 33. Red1 g5 34. Kf3 Kg6 35. Kg3 Rc2 36. h4 R2c6 37. h5+ Kg7 38. f4 gxf4+ 39.
Nxf4 Ne3 40. Re1 Rc3 41. Rd3 Nd5 42. Rd1 Nxf4 43. Kxf4 Rc2 44. R1d2 Rc1 45. Kg3 Rg1+ 46. Rg2 Re1 47. Rf2 Rg1+ 48. Kh3 Rcc1 49. Rdf3 Rh1+ 50.
Kg3 Rhg1+ 51. Rg2 Rxg2+ 52. Kxg2 Rd1 53. Rf4 Rd2+ 54. Kf3 Rxa2 55. Ke4 Re2+ 56. Kd3 Rg2 57. Kc4 Rc2+ 58. Kb4 b6 59. Re4 Rg2 60. Rf4 Rg3 61.
Kc4 Rg1 62. b4 Rc1+ 63. Kb3 Rb1+ 64. Kc3 Rc1+ 65. Kb2 Rg1 66. Kc2 Rg2+ 67. Kc3 Rg3+ 68. Kc4 Rg1 69. Re4 Rc1+ 70. Kb3 Rb1+ 71. Kc3 Rg1 72.
Rf4 Rc1+ 73. Kd3 Rg1 74. Ke3 Rb1 75. d5 exd5 76. Rd4 Re1+ 77. Kf3 Rf1+ 78. Kg3 Rb1 79.
Kf3 Rf1+ 80. Kg3 Rb1 81. Rxd5 Rxb4 82. Kf3 a5 83. Rd7 Kf8 84. Rd8+ Kg7 85. Rd7 Kf8 86. Rd6 Kg7 87. Rd7 1/2-1/2

[Event "Late-Titled-Tuesday-Blitz-December-26-2023"]
[Site "Chess.com"]
[Date "2023.12.26"]
[Round "3"]
[White "AradNazari"]
[Black "zsoltkorpics"]
[Result "0-1"]
[WhiteElo "2689"]
[BlackElo "2501"]
[TimeControl "180+1"]
[EndTime "14:30:27 PST"]
[Termination "zsoltkorpics won by resignation"]

1. e4 c5 2. Nf3 e6 3. d4 cxd4 4. Nxd4 Nc6 5. Nc3 Qc7 6. Be3 a6 7. Qf3 Ba3 8. O-O-O Ne5 9. Qg3 Qxc3 10. bxa3 Ng6 11. Nb3 N8e7 12. h4 h5 13. f4 d5 14.
Bd3 dxe4 15. Bxe4 Nf5 16. Bxf5 exf5 17. Rd3 Qc7 18. Bc5 Qxf4+ 19. Re3+ Be6 20. Qe1 O-O-O 21. Qa5 Rd5 22. g3 Qxe3+ 23. Bxe3 Rxa5 24. Nxa5 Rd8 25.
Rh2 Ne5 26. Bf4 Nc4 27. Nxc4 Bxc4 28. Kb2 Bd5 29. Rd2 Be4 30. Re2 Rd1 31. Re3 Rf1 32.
Rc3+ Kd8 33. a4 Rf3 34. Rc5 Rf2 35. a5 f6 36. Kb3 Rf3+ 37. c3 Rf1 38. Ka3 Rf2 39.
Kb3 Bb1 40. Rd5+ Ke8 41. Rd6 Bxa2+ 42. Kb4 Rb2+ 43. Kc5 Rb5+ 44. Kd4 Rxa5 45. Rb6 Rb5 46. Rxb5 axb5 47. Kc5 Bc4 48. Kb6 Kd7 49. Kxb7 Ke6 50. Kc6 Kf7 51. Kd6 Bb3 52. Kd7 Be6+ 53. Kd6 Bc4 54.
Be3 Kg6 55. Ke7 Kh7 56. Kf8 Kg6 57. Bf4 Kh7 58. Be3 Kg6 59. Bc5 f4 60. gxf4 Kf5 61.
Bd6 g5 62. fxg5 fxg5 63. hxg5 Kxg5 64. Ke7 Kg4 65. Kf6 h4 66. Bh2 Kh3 67. Bf4 Kg2 68.
Kg5 h3 69. Kf5 h2 70. Bxh2 Kxh2 71. Ke5 Kg2 72. Kd4 Kf2 73. Kc5 Ke2 74. Kb4 Kd2 75. Ka3 Kd3 76. Kb2 Bd5 77. Ka3 Bc6 78. Kb3 Bd5+ 79.
Kb4 Bc4 80. Ka3 Kd2 81. Kb2 Ke3 82. Ka3 Ke4 83. Kb4 Kd5 84. Ka3 Bd3 85. Kb4 Kc6 86.
Ka5 Kc5 87. Ka6 Kc4 88. Kb6 Kxc3 0-1

[Event "Late-Titled-Tuesday-Blitz-December-26-2023"]
[Site "Chess.com"]
[Date "2023.12.26"]
[Round "3"]
[White "FREZZY23"]
[Black "FoxOnTheRun97"]
[Result "0-1"]
[WhiteElo "2393"]
[BlackElo "2562"]
[TimeControl "180+1"]
[EndTime "14:30:33 PST"]
[Termination "FoxOnTheRun97 won by checkmate"]

1. Nf3 d5 2. g3 Nf6 3. Bg2 Bf5 4. O-O e6 5. d4 b5 6. c4 bxc4 7. Ne5 Nfd7 8. Nxc4 Be7 9. Nc3 O-O 10. e4 dxe4 11.
Nxe4 c6 12. Bf4 Nb6 13. Rc1 Nxc4 14. Rxc4 Qb6 15. b3 Nd7 16. Rxc6 Qa5 17. Nc3 Rac8 18. d5 Bf6 19. dxe6 Bxe6 20. Rxc8 Rxc8 21. Nd5 Bxd5 22. Qxd5 Qxd5 23. Bxd5 Nb6 24. Bf3 Rc2 25. a4 Rc3 26. Re1 g5 27. Re8+ Kg7 28. Be3 Rxb3 29. a5 Nc4 30. Bd5 Rb1+ 31. Kg2 Nxe3+ 32. Rxe3 Rb5 33. Bb3 Rxa5 34. Rd3 Rb5 35. Ba2 Rb2 36. Bc4 Rb7 37. h3 a5 38. g4 Rc7 39. Bb3 Bc3 40.
Kg3 Bb4 41. f4 f6 42. fxg5 fxg5 43. Be6 Kf6 44. Bf5 h6 45. Rd7 Rc3+ 46. Rd3 Rc1 47. Re3 Bd6+ 48. Kg2 Be5 49. Rb3 Rc6 50. Rb7 Bd4 51. Rh7 Ke5 52. Re7+ Kf6 53. Rh7 Rc3 54. Rxh6+ Ke5 55. Re6+ Kd5 56. Rg6 Be3 57. Ra6 Ra3 58. Ra8 Bf4 59. Rf8 a4 60. Bg6 Kd6 61. h4 Ra2+ 62.
Kf3 Ra3+ 63. Ke4 Re3+ 64. Kd4 Rg3 65. Rf6+ Ke7 66. Rf5 Rxg4 67. hxg5 Bxg5+ 68. Kd5 Bf6 69. Rf1 Rxg6 70. Rf4 Rg5+ 71. Kc6 a3 72. Ra4 Bb2 73.
Re4+ Kf6 74. Rf4+ Ke5 75. Ra4 Rg3 76. Kc5 Rc3+ 77. Kb4 Rc8 78. Ra5+ Kd4 79. Kb3 Rb8+ 80. Ka2 Kc3 81. Rc5+ Kb4 82. Rh5 Rd8 83. Rh4+ Bd4 84. Rh3 Bc5 85. Rb3+ Kc4 86. Rb1 Rd2+ 87. Ka1 Bd4+ 88.
Rb2 axb2+ 89. Kb1 Rd1+ 90. Ka2 Ra1# 0-1

[Event "Late-Titled-Tuesday-Blitz-December-26-2023"]
[Site "Chess.com"]
[Date "2023.12.26"]
[Round "3"]
[White "Doraemon7"]
[Black "Nf3c5"]
[Result "1/2-1/2"]
[WhiteElo "2681"]
[BlackElo "2479"]
[TimeControl "180+1"]
[EndTime "14:30:39 PST"]
[Termination "Game drawn - insufficient material"]

1. Nf3 d5 2. d4 Nf6 3. c4 e6 4. g3 Be7 5. Bg2 O-O 6. O-O dxc4 7. Qc2 b5 8. a4 Bb7 9. axb5 a6 10. bxa6 Nxa6 11.
Qxc4 Bd5 12. Qc2 c5 13. dxc5 Be4 14. Qc4 Bd5 15. Qc2 Be4 16. Qd2 Nxc5 17. Rxa8 Qxa8 18. Nc3 Rd8 19. Qf4 Nd5 20. Nxd5 Qxd5 21. Be3 Nb3 22. h4 Bf6 23. Ne1 Bxg2 24. Nxg2 Bxb2 25. Rb1 Be5 26. Qb4 Nd4 27. Bxd4 Qxd4 28. Qxd4 Bxd4 29.
e3 Bf6 30. Ne1 h5 31. Nf3 g6 32. Kg2 Kg7 33. Rb5 Rd7 34. Rb6 Ra7 35. Rb5 Rd7 36.
Nh2 Ra7 37. Kf3 Ra2 38. Rb7 Bc3 39. Rb1 f5 40. Nf1 e5 41. Rc1 e4+ 42. Kg2 Be5 43. Rc5 Kf6 44. Rc6+ Kg7 45. Rc5 Bf6 46. Rc7+ Kf8 47.
Rc1 Rb2 48. Rd1 Ke7 49. Nd2 Rb4 50. Nb1 Bb2 51. Rd2 Ke6 52. Rc2 Be5 53. Nd2 Ra4 54. Nc4 Bf6 55. Nd2 Rb4 56. Nc4 Be7 57. Na5 Rb6 58. Nc6 Bd6 59. Nd4+ Kd5 60. Rc8 Bc5 61. Rd8+ Kc4 62. Rg8 Bxd4 63. exd4 Kxd4 64. Rd8+ Ke5 65. Rd2 Rb3 66. Rc2 Rb5 67. Rc4 Rb6 68. Rc2 Kf6 69.
Rc5 Re6 70. Rc2 g5 71. hxg5+ Kxg5 72. Rc5 Kg4 73. Rc8 Kg5 74. Rg8+ Rg6 75. Rc8 h4 76.
Kh3 hxg3 77. fxg3 Rh6+ 78. Kg2 Rd6 79. Rg8+ Kf6 80. Rc8 Rd2+ 81. Kh3 Rd3 82. Re8 f4 83. Rf8+ Ke5 84. Rxf4 e3 85. Rf1 e2 86. Re1 Rd2 87. Kg2 Ke4 88. Kf2 Kd3 89. g4 Ra2 90. g5 Ra8 91.
Rxe2 Rf8+ 92. Ke1 Rg8 93. Re5 Kd4 94. Ra5 Ke4 95. Kf2 Kf4 96. Ra1 Rxg5 97. Ra4+ Kf5 98. Kf3 Kg6 99. Ra6+ Kf5 100. Rb6 Rg6 101. Rb5+ Kf6 102.
Kf4 Rg1 103. Rb6+ Ke7 104. Ke5 Re1+ 105. Kd5 Rd1+ 106. Kc6 Rc1+ 107. Kb7 Kd7 108. Rb3 Rc6 109. Rd3+ Rd6 110. Rxd6+ Kxd6 1/2-1/2

[Event "Late-Titled-Tuesday-Blitz-December-26-2023"]
[Site "Chess.com"]
[Date "2023.12.26"]
[Round "3"]
[White "anasta10"]
[Black "Petukhov_Dmitry"]
[Result "0-1"]
[WhiteElo "2605"]
[BlackElo "2464"]
[TimeControl "180+1"]
[EndTime "14:31:47 PST"]
[Termination "Petukhov_Dmitry won by checkmate"]

1. Nf3 Nf6 2. d4 g6 3. c4 Bg7 4.
Nc3 d5 5. h4 O-O 6. Bg5 Ne4 7.
Bf4 Nxc3 8. bxc3 dxc4 9. h5 c5 10. e3 Bg4 11. hxg6 hxg6 12. Be2 Nc6 13. Rc1 Qd5 14. Qa4 cxd4 15. Bxc4 Qf5 16. cxd4 Bxf3 17. gxf3 Nxd4 18. Be2 e5 19. Bg3 Nxf3+ 20. Kf1 e4 21.
Kg2 a6 22. Qb3 b5 23. Qa3 Rfd8 24. Rhd1 Qg4 25. Qe7 Re8 26. Qd7 Nh4+ 27. Kf1 Qg5 28. Rc7 Rf8 29. Qg4 Qxg4 30. Bxg4 Nf3 31. Kg2 Rfd8 32.
Rxd8+ Rxd8 33. Bxf3 exf3+ 34. Kxf3 Rd2 35. a3 Bf8 36. Rc8 Kg7 37. Be5+ f6 38. Bxf6+ Kxf6 39. Rxf8+ Kg5 40. Ra8 Rd6 41. Kg3 Kf5 42. Kf3 g5 43.
Rf8+ Kg6 44. Kg4 Rc6 45. Ra8 Rc4+ 46. f4 Ra4 47. Rg8+ Kf7 48. Rxg5 Rxa3 49. Re5 b4 50.
Kf5 b3 51. Re4 a5 52. Rc4 b2 53. Rc7+ Ke8 54. Rb7 Ra2 55. e4 a4 56. Ke6 Kd8 57. f5 Kc8 58. Rb4 a3 59. f6 Ra1 60. f7 Rf1 61.
Ke7 a2 62. Rc4+ Kb7 63. Rb4+ Kc6 64. Rxb2 a1=Q 65. Rb8 Qa3+ 66. Ke6 Qa2+ 67. Ke5 Qa5+ 68. Ke6 Qa1 69. f8=Q Qa2+ 70. Ke5 Rxf8 71. Rxf8 Kd7 72. Rf5 Qb2+ 73. Kf4 Ke6 74. Rd5 Qf2+ 75. Kg4 Qe2+ 76. Kf4 Qh2+ 77. Ke3 Qg3+ 78. Kd4 Qf2+ 79. Kd3 Qf3+ 80.
Kd4 Qf2+ 81. Kd3 Qf1+ 82. Kd4 Qe1 83. Re5+ Kf6 84. Rf5+ Ke6 85. Re5+ Kd6 86. Rd5+ Kc6 87. Rc5+ Kb6 88. Rd5 Qa1+ 89. Ke3 Kc6 90. Kf4 Qf1+ 91. Ke3 Qf6 92. Rf5 Qc3+ 93. Kf4 Kd6 94. Rd5+ Ke6 95. Rf5 Qd2+ 96. Kf3 Qd3+ 97. Kf4 Qd2+ 98. Kf3 Qc1 99.
Rd5 Qc3+ 100. Kf4 Qe1 101. Rf5 Qf2+ 102. Kg4 Qe3 103. Rf4 Ke5 104. Rf5+ Kxe4 105. Rg5 Qg1+ 106. Kh5 Qf2 107. Rg4+ Kf5 108. Rg5+ Kf6 109. Rg6+ Kf7 110. Rg4 Qf3 111. Kh4 Kf6 112. Rg3 Qh1+ 113. Kg4 Qe4+ 114. Kh3 Kf5 115. Rg2 Qf3+ 116. Rg3 Qh1# 0-1

[Event "Late-Titled-Tuesday-Blitz-December-26-2023"]
[Site "Chess.com"]
[Date "2023.12.26"]
[Round "4"]
[White "cthulhuuu"]
[Black "seasidesunset"]
[Result "1-0"]
[WhiteElo "2457"]
[BlackElo "2221"]
[TimeControl "180+1"]
[EndTime "14:33:58 PST"]
[Termination "cthulhuuu won by resignation"]

1. e4 e6 2. d3 b6 3. Nf3 Bb7 4.
g3 d5 5. Nbd2 dxe4 6. dxe4 h5 7.
Bg2 c5 8. O-O Nd7 9. h4 g6 10.
e5 Bg7 11. Nc4 Bxf3 12. Qxf3 Nxe5 13. Nxe5 1-0

[Event "Late-Titled-Tuesday-Blitz-December-26-2023"]
[Site "Chess.com"]
[Date "2023.12.26"]
[Round "4"]
[White "JuniorJumper"]
[Black "lucliasco"]
[Result "0-1"]
[WhiteElo "2493"]
[BlackElo "2899"]
[TimeControl "180+1"]
[EndTime "14:35:52 PST"]
[Termination "lucliasco won by resignation"]

1. b3 e5 2. Bb2 Nc6 3. e3 d6 4. Bb5 Bd7 5. Nf3 Nf6 6. d4 e4 7. Nfd2 d5 8. c4 Nb4 9. Bxd7+ Qxd7 10. O-O Nd3 11. Ba3 Bxa3 12. Nxa3 O-O 13. Nc2 c6 14. Ne1 Nxe1 15. Rxe1 a5 16. f3 exf3 17. Qxf3 Rfe8 18. Rad1 a4 19. e4 axb3 20. e5 bxa2 21. Rf1 Ne4 22.
Nxe4 dxe4 23. Qxe4 b5 24. cxb5 cxb5 25. d5 Qa7+ 26. Kh1 a1=Q 27. e6 fxe6 28. dxe6 Q1a4 29. Qd4 0-1

[Event "Late-Titled-Tuesday-Blitz-December-26-2023"]
[Site "Chess.com"]
[Date "2023.12.26"]
[Round "4"]
[White "Kleyton_Lima"]
[Black "Sacbutt"]
[Result "1-0"]
[WhiteElo "2575"]
[BlackElo "2352"]
[TimeControl "180+1"]
[EndTime "14:35:56 PST"]
[Termination "Kleyton_Lima won by resignation"]

1. e4 c5 2. Nf3 d6 3. d4 cxd4 4. Nxd4 Nf6 5. Nc3 a6 6. Bg5 e6 7.
f4 Be7 8. Qf3 Nbd7 9. O-O-O Qc7 10. g4 b5 11. Bxf6 Nxf6 12. g5 Nd7 13. f5 Bxg5+ 14.
Kb1 Ne5 15. Qh5 Bf6 16. fxe6 O-O 17. Nd5 Qd8 18. Bh3 Bxe6 19. Bxe6 fxe6 20. Nxe6 Qe8 21. Qxe8 Rfxe8 22. Nxf6+ gxf6 23. Nc7 Nc4 24. Nxa8 Rxa8 25.
b3 Na3+ 26. Kb2 b4 27. c4 Re8 28. Rhe1 a5 29. Rxd6 f5 30. e5 a4 31. e6 axb3 32.
axb3 Kg7 33. Rd7+ Kf6 34. Rxh7 Rg8 35. Re2 Rg1 36. e7 Rb1+ 37. Ka2 1-0

[Event "Late-Titled-Tuesday-Blitz-December-26-2023"]
[Site "Chess.com"]
[Date "2023.12.26"]
[Round "4"]
[White "Szparu"]
[Black "UmutErdemGunduz"]
[Result "1-0"]
[WhiteElo "2901"]
[BlackElo "2697"]
[TimeControl "180+1"]
[EndTime "14:36:09 PST"]
[Termination "Szparu won by resignation"]

1. e4 e5 2. Nf3 Nc6 3. Nc3 Nf6 4.
Bb5 Bb4 5. O-O O-O 6. d3 d6 7. Bxc6 bxc6 8. Ne2 Re8 9. Ng3 d5 10. h3 Bf8 11. Re1 Qd6 12. b3 g6 13. Bb2 Nd7 14. d4 Bg7 15. dxe5 Nxe5 16. Nxe5 Bxe5 17. Bxe5 Rxe5 18. f4 Re7 19. e5 Qc5+ 20. Kh2 Bd7 21. Qd2 Rf8 22. f5 Rfe8 23. b4 Qc4 24. f6 1-0

[Event "Late-Titled-Tuesday-Blitz-December-26-2023"]
[Site "Chess.com"]
[Date "2023.12.26"]
[Round "4"]
[White "NoHeThTo"]
[Black "AlexanderL"]
[Result "1-0"]
[WhiteElo "2685"]
[BlackElo "2882"]
[TimeControl "180+1"]
[EndTime "14:36:10 PST"]
[Termination "NoHeThTo won by resignation"]

1. d4 e6 2. Nc3 Bb4 3. Qd3 d5 4. Bf4 c5 5. dxc5 Nc6 6. a3 Bxc5 7. Nf3 Nf6 8. e3 O-O 9. Be2 Bd6 10. Bxd6 Qxd6 11. e4 Ne5 12. Nxe5 Qxe5 13. exd5 exd5 14. Qg3 Qe7 15. O-O-O Be6 16. Bf3 Rfd8 17. Qe5 Qc5 18. Qd4 Qc7 19. g3 Rac8 20. Rhe1 a6 21. Re3 b5 22. Red3 Rb8 23. Qf4 Qc6 24. Bxd5 Nxd5 25. Nxd5 Kh8 26. Nb4 Qa8 27. Rxd8+ Rxd8 28. Rxd8+ Qxd8 29.
Nxa6 h6 30. Qb8 Bc8 31. Nb4 Kh7 32. Qxb5 Qd4 33. Qd3+ 1-0

[Event "Late-Titled-Tuesday-Blitz-December-26-2023"]
[Site "Chess.com"]
[Date "2023.12.26"]
[Round "4"]
[White "yaguigor"]
[Black "jefferyx"]
[Result "0-1"]
[WhiteElo "2573"]
[BlackElo "3015"]
[TimeControl "180+1"]
[EndTime "14:36:28 PST"]
[Termination "jefferyx won by resignation"]

1. e4 c5 2. Nf3 d6 3. d4 cxd4 4.
Nxd4 Nf6 5. Nc3 a6 6. f3 e5 7. Nb3 Be6 8. Be3 Nbd7 9. Qd2 b5 10. g4 Nb6 11. g5 Nfd7 12. Nd5 Rc8 13. Nxb6 Nxb6 14.
Na5 Be7 15. O-O-O O-O 16. Kb1 d5 17. Bxb6 Qxb6 18. exd5 Rfd8 19. c4 bxc4 20. Nxc4 Qc5 21. Qe3 Rxd5 22. Be2 Rxd1+ 23. Rxd1 Bxc4 24. Qxc5 Rxc5 0-1

[Event "Late-Titled-Tuesday-Blitz-December-26-2023"]
[Site "Chess.com"]
[Date "2023.12.26"]
[Round "4"]
[White "Dr_crypt"]
[Black "HanSchut"]
[Result "1-0"]
[WhiteElo "2368"]
[BlackElo "2247"]
[TimeControl "180+1"]
[EndTime "14:36:32 PST"]
[Termination "Dr_crypt won by resignation"]

1. e4 c5 2. Nf3 d6 3. c3 Nf6 4. Bd3 a6 5. O-O b5 6. Re1 Bb7 7. Bc2 Nbd7 8. d4 Rc8 9. e5 dxe5 10. dxe5 Ng8 11. e6 fxe6 12. Ng5 Ndf6 13. Bxh7 Nxh7 14. Qh5+ Kd7 15. Rd1+ Bd5 16. Nxh7 Nf6 17. Nxf6+ exf6 18. Qxh8 f5 19. c4 bxc4 20. Nc3 Qg5 21. Bxg5 1-0

[Event "Late-Titled-Tuesday-Blitz-December-26-2023"]
[Site "Chess.com"]
[Date "2023.12.26"]
[Round "4"]
[White "b_6"]
[Black "olawsson"]
[Result "0-1"]
[WhiteElo "2379"]
[BlackElo "2162"]
[TimeControl "180+1"]
[EndTime "14:36:35 PST"]
[Termination "olawsson won by resignation"]

1. d4 d6 2. e4 Nc6 3. Nc3 Nf6 4.
Nf3 Bg4 5. d5 Ne5 6. Nxe5 dxe5 7. Bb5+ Bd7 8. Bc4 e6 9. O-O Bc5 10. Bg5 a6 11. a3 b5 12. Bb3 Bd4 13. Ne2 Bxb2 14. Ra2 Bd4 15. Nxd4 exd4 16. e5 h6 17. exf6 hxg5 18. fxg7 Rg8 19. dxe6 Bxe6 20. Bxe6 fxe6 21. Qh5+ Ke7 22. Qxg5+ Kf7 23. a4 Qxg5 0-1

[Event "Late-Titled-Tuesday-Blitz-December-26-2023"]
[Site "Chess.com"]
[Date "2023.12.26"]
[Round "4"]
[White "DmitryMaximov"]
[Black "dosto07"]
[Result "1-0"]
[WhiteElo "2764"]
[BlackElo "2534"]
[TimeControl "180+1"]
[EndTime "14:36:41 PST"]
[Termination "DmitryMaximov won by resignation"]

1. e4 e5 2. Nf3 Nc6 3. Bb5 a6 4.
Ba4 Nf6 5. O-O Be7 6. Re1 b5 7. Bb3 d6 8. c3 O-O 9. h3 Bb7 10. d3 Na5 11. Bc2 c5 12. Nbd2 Re8 13. Nf1 Bf8 14.
Ng3 g6 15. Bg5 Be7 16. Qd2 Nd7 17. Bxe7 Qxe7 18. Rad1 Nf6 19. Re2 Rad8 20. Rde1 Bc8 21. a3 Be6 22. Ng5 Bc8 23. f4 c4 24. d4 exf4 25.
Qxf4 Nc6 26. Rf1 Kg7 27. Ref2 Ng8 28. Qxf7+ Kh8 29. Qxe7 Rxe7 30. Nf7+ Kg7 31. Nxd8 Nxd8 32. Rf8 Rd7 33. Bd1 Nf7 34. Rxc8 1-0

[Event "Late-Titled-Tuesday-Blitz-December-26-2023"]
[Site "Chess.com"]
[Date "2023.12.26"]
[Round "4"]
[White "APOKALIPSA13"]
[Black "alertakobra"]
[Result "0-1"]
[WhiteElo "2212"]
[BlackElo "2448"]
[TimeControl "180+1"]
[EndTime "14:36:41 PST"]
[Termination "alertakobra won by resignation"]

1. e4 c5 2. Nf3 Nc6 3. c3 d5 4.
exd5 Qxd5 5. d4 Bg4 6. Be2 e6 7.
O-O Nf6 8. Na3 Be7 9. Nb5 Qd8 10.
dxc5 Bxc5 11. b4 Be7 12. Bf4 O-O 13. Bd6 Nd5 14. Bxe7 Qxe7 15. Rc1 Rfd8 16. Qb3 Nf4 17. Bd1 Rxd1 18. Rcxd1 Bxf3 19. Qc4 Qg5 20. Qxf4 Qxf4 21. gxf3 Qg5+ 22. Kh1 Qxb5 23. Rg1 Qf5 24. Rg3 g6 25. Re1 Rd8 0-1

[Event "Late-Titled-Tuesday-Blitz-December-26-2023"]
[Site "Chess.com"]
[Date "2023.12.26"]
[Round "4"]
[White "Iball95"]
[Black "DCacheiro"]
[Result "1-0"]
[WhiteElo "2821"]
[BlackElo "2545"]
[TimeControl "180+1"]
[EndTime "14:36:51 PST"]
[Termination "Iball95 won by resignation"]

1. e4 e5 2. Nf3 Nc6 3. Nc3 Nf6 4. Bb5 Nd4 5. Nxd4 exd4 6. e5 dxc3 7. exf6 Qxf6 8.
dxc3 Bc5 9. O-O O-O 10. Bd3 d5 11. Qh5 h6 12. Qxd5 Bb6 13. Qe4 g6 14. Bxh6 Bf5 15.
Qf3 Rfe8 16. Bxf5 Qxf5 17. Qxf5 gxf5 18. Rfe1 Kh7 19. Bf4 Rad8 20. Kf1 Kg6 21. Rxe8 Rxe8 22. Re1 Rd8 23. h3 Kf6 24. g3 Rd5 25. h4 c6 26.
a4 a5 27. b3 Rd7 28. c4 Bd4 29. Rd1 Ke6 30. Be3 c5 31. Ke2 b6 32. Bxd4 cxd4 33. c3 1-0